AoeStats
← REHBITSCH4

Hideout

507990163Analyzed
1v1 RM · 11d ago on Sep 20, 2026· 26m 35s· 2 players
Game mode
Random Map
Map size
Tiny (2 player)
Population
200
Speed
Normal
Resources
Standard
Victory
Conquest
Starting age
Dark Age
Ending age
Imperial Age
RankedLock teamsTeams togetherTeam positionsShared explorationLock speedFull tech treeHidden civsTurbo modeCheats
Victory
Defeat
🇩🇪 Celts · Germany
707
+17
🇺🇸 Hindustanis · United States
730
-17
REHBITSCH4
9:36 Feudal Age
10:18 Double-Bit Axe
10:14 Horse Collar
13:22 Wheelbarrow
17:50 Castle Age
16:18 Man-at-Arms
20:02 Long Swordsman
22:15 Forging
22:06 Scale Mail Armor
Eric
11:43 Feudal Age
12:56 Double-Bit Axe
16:18 Castle Age
16:20 Loom
17:32 Bow Saw
18:13 Wheelbarrow
17:27 Horse Collar
18:01 Scale Barding Armor
19:58 Forging
21:41 Fletching
21:54 Padded Archer Armor
22:48 Bodkin Arrow
23:04 Man-at-Arms
23:45 Squires
Connection lost

Rejoining the realm…

Still unreachable

The connection could not be restored.

Session expired

The server has moved on; the page needs a fresh start.